 Dungeon Crawl Stone Soup version 0.31-a0-182-gc5ef74bbde (webtiles) character file.

Game seed: 10338659434827046386

301 qw the Chopper (level 6, -1/38 HPs)
             Began as a Gargoyle Fighter on June 20, 2023.
             Hit by a boomerang thrown by an orc (3 damage)
             ... on level 4 of the Dungeon.
             The game lasted 00:01:09 (2668 turns).

qw the Chopper (Gargoyle Fighter)                   Turns: 2668, Time: 00:01:09

Health: -1/38      AC: 21    Str: 21    XL:     6   Next: 37%
Magic:  6/6        EV:  5    Int:  9    God:
Gold:   139        SH:  0    Dex:  9    Spells: 5/5 levels left

rFire   . . .        Y - +3 war axe
rCold   . . .        c - +0 buckler
rNeg    + . .        j - +4 plate armour
rPois   inf          (no helmet)
rElec   +            (no cloak)
rCorr   .            (no gloves)
SInv    .            g - +0 pair of boots
Will    .....        (no amulet) Stlth
                     (no ring)
HPRegen 0.26/turn    (no ring)
MPRegen 0.10/turn

%: no passive effects
@: confused, about to teleport
A: sickness immunity, AC +4, negative energy resistance 1, electricity
resistance, torment resistance 1, petrification resistance
a: no special abilities


You were on level 4 of the Dungeon.
You visited 1 branch of the dungeon, and saw 4 of its levels.

You collected 139 gold pieces.


Innate Abilities, Weirdness & Mutations

You are immune to sickness and miasma.
Your stone body is resilient. (AC +4)
You are immune to poison.
You resist negative energy. (rN+)
You are resistant to electric shocks. (rElec)
You are resistant to unholy torment.
You are immune to petrification.


   Skills:
 - Level 4.0 Fighting
 - Level 5.6 Axes
 + Level 0.1 Throwing
 - Level 3.2 Armour
 - Level 3.2 Shields


You had 5 spell levels left.
You didn't know any spells.
Your spell library was empty.

Inventory:

Hand Weapons
 a - a +0 whip
 Y - a +3 war axe (weapon)
Missiles
 n - 4 javelins (quivered)
Armour
 c - a +0 buckler (worn)
 g - a +0 pair of boots (worn)
 j - a +4 plate armour (worn)
Wands
 m - a wand of digging (4)
Scrolls
 h - a scroll of identify
 k - a scroll of poison {unknown}
Potions
 b - a potion of haste {unknown}
 d - 3 potions of might
 e - a potion of curing {unknown}
 f - a potion of mutation {unknown}
 i - a potion of degeneration {unknown}

Dungeon Overview and Level Annotations

Branches:
Dungeon (4/15)
 Temple: D:4-7

Altars:


Message History

The orc wizard flickers and vanishes!
Deactivating autopickup; reactivate with Ctrl-A.
You throw a javelin.
The javelin pierces through the orc warrior but does no damage.
You block the orc warrior's attack.
You slash the orc warrior!
The orc warrior is moderately wounded.
The orc warrior hits you with a +0 scimitar!
You hit the orc warrior.
The orc warrior is heavily wounded.
You miss something.
The orc throws a boomerang.
The boomerang barely misses you.
The orc warrior hits you with a +0 scimitar!
Something hits you.
You slash the orc warrior!
The orc warrior is almost dead.
You hit something.
The orc throws a boomerang.
The boomerang hits you but does no damage.
The orc warrior hits you with a +0 scimitar.
Something hits you but does no damage.
You hit the orc warrior.
The orc warrior is almost dead.
You closely miss something.
The orc throws a boomerang.
The boomerang hits you but does no damage.
The orc warrior hits you but does no damage.
Something hits you but does no damage. x2; The orc throws a boomerang.
The boomerang hits you but does no damage.
The orc warrior hits you with a +0 scimitar.
2666 ||| READING scroll of teleportation.
As you read the scroll of teleportation, it crumbles to dust.
You feel strangely unstable.
The orc warrior hits you but does no damage.
You hear some strange, mumbled words.
You are confused.
Something hits you but does no damage.
The orc warrior hits you with a +0 scimitar.
The orc throws a boomerang.
The boomerang hits you.
You die...

........................
........######..........
........................
........................
........................
.........##......)......
.........##.....)o......
.........##.....#{......
.........##.....@o.....(
........###.....!.....##
........# ##.........##
........###.........##
...............####..#
..............## ...#
.............## ....
.............# ....
...[....#.....#


You could see an orc warrior and an orc.

Vanquished Creatures
  An ogre (D:4)
  A jelly (D:4)
  An orc priest (D:4)
  Natasha (twice) (D:2)
  4 gnolls (D:4)
  A worm (D:4)
  A dart slug (D:2)
  6 orcs
  4 ball pythons (D:1)
  5 bats
  3 endoplasms
  3 giant cockroaches
  3 goblins
  6 hobgoblins
  4 jackals (D:3)
  2 quokkas (D:1)
  7 frilled lizards
  6 kobolds
  3 rats (D:1)
63 creatures vanquished.

Notes
Turn   | Place    | Note
-------+----------+-------------------------------------------
     0 | D:1      | qw the Gargoyle Fighter began the quest for the Orb.
     0 | D:1      | Reached XP level 1. HP: 14/14 MP: 1/1
     0 | D:1      | 0 ||| qw: Version: 0.3-a-9-g12657ce
     0 | D:1      | 0 ||| qw: Game counter: 1500
     0 | D:1      | 0 ||| qw: Always use a shield: true
     0 | D:1      | 0 ||| qw: God list: Okawaru
     0 | D:1      | 0 ||| qw: Allow faded altars: false
     0 | D:1      | 0 ||| qw: Do Orc after D:15 true
     0 | D:1      | 0 ||| qw: Do second Lair branch before Depths: true
     0 | D:1      | 0 ||| qw: Lair rune preference: random
     0 | D:1      | 0 ||| qw: Plans: Normal, Zot:1-4, Slime:5, God:TSO, Crypt,
                  | Tomb, Abyss, Pan, Hells, Win
     0 | D:1      | 0 ||| PLANNING D:1-11
    29 | D:1      | Reached skill level 2 in Axes
    87 | D:1      | Reached XP level 2. HP: 19/19 MP: 2/2
   621 | D:1      | 621 ||| Stepping ~*~*~tactically~*~*~ (stealth).
   640 | D:1      | Reached skill level 3 in Axes
   686 | D:1      | Reached XP level 3. HP: 23/23 MP: 3/3
   793 | D:1      | 793 ||| UPGRADING to +0 chain mail.
   803 | D:1      | 803 ||| DROPPING +0 scale mail.
   804 | D:1      | 804 ||| UPGRADING to +4 plate armour.
   814 | D:1      | 814 ||| DROPPING +0 chain mail.
   815 | D:1      | 815 ||| READING 3 scrolls labelled FUATAARACI.
   816 | D:1      | 816 ||| READING 2 scrolls of enchant weapon.
   816 | D:1      | 816 ||| ENCHANTING +1 war axe.
   817 | D:1      | 817 ||| READING scroll of enchant weapon.
   817 | D:1      | 817 ||| ENCHANTING +2 war axe.
   818 | D:1      | 818 ||| READING scroll labelled TUIMEK LUK RAXEU.
   819 | D:1      | 819 ||| READING scroll labelled IWUDOU ODAA.
   820 | D:1      | 820 ||| READING scroll labelled JEAVIP MIUREG.
   824 | D:1      | 824 ||| DRINKING 2 orange potions.
   906 | D:2      | 906 ||| DROPPING +0 club.
   919 | D:2      | 919 ||| Stepping ~*~*~tactically~*~*~ (hiding).
  1345 | D:2      | Noticed Natasha
  1346 | D:2      | 1346 ||| Stepping ~*~*~tactically~*~*~ (stealth).
  1348 | D:2      | 1348 ||| Stepping ~*~*~tactically~*~*~ (stealth).
  1350 | D:2      | 1350 ||| Stepping ~*~*~tactically~*~*~ (hiding).
  1354 | D:2      | Killed Natasha
  1355 | D:2      | Reached XP level 4. HP: 28/28 MP: 4/4
  1399 | D:2      | Noticed Natasha
  1400 | D:2      | 1400 ||| Stepping ~*~*~tactically~*~*~ (stealth).
  1412 | D:2      | 1412 ||| Stepping ~*~*~tactically~*~*~ (stealth).
  1505 | D:2      | 1505 ||| READING scroll labelled ZEOMEO TACE.
  1508 | D:2      | Killed Natasha
  1509 | D:2      | Reached skill level 4 in Axes
  1583 | D:3      | 1583 ||| Stepping ~*~*~tactically~*~*~ (hiding).
  1584 | D:3      | 1584 ||| Stepping ~*~*~tactically~*~*~ (hiding).
  1821 | D:3      | 1821 ||| Stepping ~*~*~tactically~*~*~ (stealth).
  1848 | D:3      | 1848 ||| Stepping ~*~*~tactically~*~*~ (stealth).
  2161 | D:3      | 2161 ||| UPGRADING to +0 pair of boots.
  2166 | D:3      | 2166 ||| READING scroll labelled MAGGUSSEWA.
  2205 | D:4      | 2205 ||| FLEEEEING.
  2324 | D:4      | Reached XP level 5. HP: 27/32 MP: 5/5
  2343 | D:4      | 2343 ||| Stepping ~*~*~tactically~*~*~ (hiding).
  2354 | D:4      | HP: 7/32 [gnoll/+0 whip (5)]
  2354 | D:4      | HP: 3/32 [gnoll/+1 halberd of venom (4)]
  2355 | D:4      | 2355 ||| READING scroll of teleportation.
  2356 | D:4      | 2356 ||| DRINKING potion of heal wounds.
  2358 | D:4      | Reached skill level 5 in Axes
  2491 | D:4      | Noticed an ogre
  2501 | D:4      | Killed an ogre
  2502 | D:4      | Reached XP level 6. HP: 25/38 MP: 6/6
  2658 | D:4      | Noticed an orc warrior
  2665 | D:4      | HP: 4/38 [orc warrior/+0 scimitar (6)]
  2666 | D:4      | 2666 ||| READING scroll of teleportation.
  2668 | D:4      | Hit by a boomerang thrown by an orc

Levels and vault maps discovered:
D:1:      nicolae_arrival_somewhat_less_tricky_arrival, layout_loops_ring
D:2:      layout_basic, uniq_natasha
D:3:      layout_basic
D:4:      layout_basic, serial_shops, nicolae_shop_hallway_stairs, st_stairs_11,
          hangedman_decor_growths, grunt_decor_one_mirror

Skill      XL: |  1  2  3  4  5 |
---------------+----------------+-----
Axes           | 2 3 4 5 |  5.6
Fighting       | 4 |  4.0
Throwing       | |  0.1
Armour         | |  3.2
Shields        | |  3.2

Action                     |  1- 3 |  4- 6 || total
---------------------------+-------+-------++-------
  Melee: War axe           |    83 |    65 ||   148
  Throw: Boomerang         |     4 |     3 ||     7
         Javelin           |       |     6 ||     6
    Use: Scroll            |     6 |     4 ||    10
         Potion            |     1 |     1 ||     2
 Armour: Scale mail        |    23 |       ||    23
         Plate armour      |    25 |    61 ||    86
  Dodge: Dodged            |    27 |    15 ||    42
  Block: Buckler           |     9 |    13 ||    22

Table legend:
 A = Non-vault XP
 B = Vault XP
 C = Vault XP percentage of total XP
 D = Non-vault monster count
 E = Vault monster count
 F = Vault count percentage of total count
                 A         B        C        D         E       F
            +---------+---------+-------+---------+---------+-------
      Total |     278 |     153 |  35.5 |      61 |       2 |   3.2
            +---------+---------+-------+---------+---------+-------
        D:1 |      40 |       0 |   0.0 |      24 |       0 |   0.0
        D:2 |      53 |      35 |  39.8 |      11 |       1 |   8.3
        D:3 |      20 |       0 |   0.0 |      11 |       0 |   0.0
        D:4 |     165 |     118 |  41.7 |      15 |       1 |   6.2
            +---------+---------+-------+---------+---------+-------
